 Dungeon Crawl Stone Soup version 0.27.1-34-g3ba077fa99 (webtiles) character file.

Game seed: 3402609744528266155

93635 Lutefisk the Convoker (level 14, -1/93 HPs)
             Began as a Felid Summoner on Jan 17, 2022.
             Was a High Priest of Hepliaklqana.
             Succumbed to a fenstrider witch's toxic sludge
             ... on level 4 of the Swamp on Jan 18, 2022.
             The game lasted 07:11:13 (44909 turns).

Lutefisk the Convoker (Felid Summoner)             Turns: 44909, Time: 07:11:14

Health: -1/93      AC:  3    Str:  5    XL:     14   Next: 76%
Magic:  0/21       EV: 36    Int: 17    God:    Hepliaklqana [*****.]
Gold:   2915       SH:  0    Dex: 24    Spells: 0/35 levels left
                                        Lives:  0   Deaths: 4

rFire    + . .     SeeInvis +     - Unarmed
rCold    + + .     Faith    .   (shield unavailable)
rNeg     . . .     Spirit   +   (armour unavailable)
rPois    +         Reflect  .   (helmet unavailable)
rElec    +         Harm     .   (cloak unavailable)
rCorr    +         Rampage  .   (gloves unavailable)
Will     ++...                  (boots unavailable)
Stlth    ..........             M - amulet of guardian spirit
HPRegen  0.25/turn              I - ring "Dyfosch" {Wiz Fly MP-9 Dex+4}
MPRegen  0.17/turn              p - +4 ring of evasion

@: berserking, lethally poisoned (-1 -> -11), resistant, flying, very slightly
contaminated, invisible (expiring), very quick
A: reduced essence, very small, claws 1, fangs 3, see invisible, speed 1, shaggy
fur 3, stealthy paws, no weapons or thrown items, no armour, multi-lived, dopey
1
}: 2/15 runes: decaying, gossamer
a: Renounce Religion, Recall Ancestor, Ancestor Identity, Transference, Idealise


You were on level 4 of the Swamp.
You worshipped Hepliaklqana.
Hepliaklqana was extremely pleased with you.
You visited 7 branches of the dungeon, and saw 33 of its levels.
You also visited: Ossuary and Bailey.

You collected 3675 gold pieces.
You spent 760 gold pieces at shops.

Inventory:

Jewellery
 i - a ring of flight
 j - the ring "Symiefax" {rF+ rC+ rN+ Int-2}
   (You found it on level 8 of the Dungeon)

   [ring of positive energy]

   Int:       It affects your intelligence (-2).
   rF:        It protects you from fire.
   rC:        It protects you from cold.
   rN:        It protects you from negative energy.
 p - a +4 ring of evasion (right paw)
 B - a +4 ring of evasion
 I - the ring "Dyfosch" (left paw) {Wiz Fly MP-9 Dex+4}
   (You acquired it on level 14 of the Dungeon)

   [ring of wizardry]

   It improves your spell success rate.
   Dex:       It affects your dexterity (+4).
   MP:        It affects your magic capacity (-9).
   Fly:       It grants you flight.
 J - a ring of ice
 K - a ring of protection from cold
 M - an amulet of guardian spirit (around neck)
 P - a ring of protection from cold
 R - a ring of magical power
 S - a +6 ring of dexterity
Wands
 t - a wand of polymorph (9)
 y - a wand of digging (12)
Scrolls
 b - 4 scrolls of immolation
 e - a scroll of identify
 g - 2 scrolls of torment
 q - 2 scrolls of magic mapping
 w - a scroll of holy word
 G - 6 scrolls of amnesia
 L - a scroll of teleportation
 N - a scroll of fog
 Q - 3 scrolls of vulnerability
Potions
 a - 2 potions of berserk rage
 d - 6 potions of brilliance
 f - 6 potions of magic
 h - 8 potions of heal wounds
 k - 10 potions of resistance
 l - 2 potions of flight
 n - 3 potions of cancellation
 r - 6 potions of lignification
 s - 8 potions of mutation
 v - 5 potions of ambrosia
 z - 2 potions of might
 A - 2 potions of invisibility
 C - a potion of haste
 F - 3 potions of attraction
Miscellaneous
 o - a tin of tremorstones (2/2)
 u - a phial of floods
 x - a phantom mirror
 D - a condenser vane


   Skills:
 - Level 12.0 Fighting
 - Level 14.0 Dodging
 - Level 10.0 Stealth
 * Level 7.9 Unarmed Combat
 * Level 11.0 Spellcasting
 - Level 4.0 Conjurations
 - Level 9.0 Hexes
 - Level 18.0 Summonings
 - Level 4.0 Translocations
 - Level 2.0 Air Magic
 - Level 3.0 Invocations
 - Level 7.0 Evocations


You couldn't memorise any spells.
You knew the following spells:

 Your Spells              Type           Power      Damage    Failure   Level
a - Summon Small Mammal   Summ           100%       N/A       0%          1
b - Call Imp              Summ           63%        N/A       0%          2
c - Call Canine Familiar  Summ           63%        N/A       0%          3
d - Summon Lightning Spi  Summ/Air       43%        N/A       1%          4
e - Dazzling Flash        Conj/Hex       62%        N/A       1%          3
f - Cause Fear            Hex            19%        N/A       1%          4
g - Apportation           Tloc           44%        N/A       1%          1
h - Invisibility          Hex            19%        N/A       12%         6
i - Fulminant Prism       Conj/Hex       15%        3d11      2%          4
j - Iskenderun's Mystic   Conj/Tloc      22%        2d6       6%          4
k - Swiftness             Air            16%        N/A       4%          3

Your spell library contained the following spells:

 Spells                   Type           Power      Damage    Failure   Level
 Summon Guardian Golem    Hex/Summ       53%        N/A       1%          3
 Passwall                 Tmut/Erth      7%         N/A       4%          2
 Silence                  Hex/Air        14%        N/A       9%          5
 Spellforged Servitor     Conj/Summ      23%        N/A       26%         7
 Agony                    Necr           9%         N/A       61%         5
 Alistair's Intoxication  Tmut/Pois      6%         N/A       61%         5
 Borgnjor's Vile Clutch   Necr/Erth      4%         N/A       61%         5
 Lee's Rapid Deconstruct  Erth           4%         3d6*      61%         5
 Dragon's Call            Summ           31%        N/A       86%         9
 Starburst                Conj/Fire      8%         6d4       87%         6
 Eringya's Noxious Bog    Tmut/Pois      4%         N/A       98%         6
 Orb of Destruction       Conj           11%        9d5       99%         7
 Dragon Form              Tmut           4%         N/A       100%        7


Dungeon Overview and Level Annotations

Branches:
Dungeon (15/15)            Temple (1/1) D:6            Lair (6/6) D:11
  Swamp (4/4) Lair:3       Spider (4/4) Lair:2          Orc (2/2) D:12
    Elf (1/3) Orc:2        Vaults (0/5) D:13         Depths (0/5) D:15
Ossuary (visited)          Bailey (visited)
  Slime: Lair:5-6

Altars:
Ashenzari
Cheibriados
Dithmenos
Elyvilon
Fedhas
Gozag
Hepliaklqana
Kikubaaqudgha
Makhleb
Nemelex Xobeh
Okawaru
Qazlal
Ru
Sif Muna
Trog
Uskayaw
Vehumet
Wu Jian
Xom
Yredelemnul
Zin
The Shining One
Beogh

Shops:
D:1 !   D:11 [   Orc:2 ((   Elf:1 !

Portals:
Trove: D:10 (give 5 scrolls of blinking)

Annotations:
D:7 1 runed translucent door, Maggie; Menkaure; ticklebelly's ghost, novice MiBe
D:8 Pikel
Swamp:1 Nikola
Swamp:4 Lernaean hydra
Spider:1 Roxanne
Spider:2 3 runed translucent doors, Lutefisk's ghost, journeyman GrEE
Spider:4 Asterion
Orc:2 Donald; Saint Roka


Innate Abilities, Weirdness & Mutations

Your life essence is reduced to manifest your ancestor. (-10% HP)
You have sharp claws.
You have razor-sharp teeth.
You have supernaturally acute eyesight. (SInv)
You cover ground quickly. (Speed+)
Your thick and shaggy fur keeps you warm. (AC +3, rC+)
Your paws help you pounce on unaware monsters.
You are incapable of wielding weapons or throwing items.
You cannot wear armour.
You gain extra lives every three experience levels.
You are dopey. (Int -2)


Message History

The fenstrider witch kicks your lightning spire!
Your lightning spire is destroyed!
Your lightning spire disappears in a puff of smoke!
The fenstrider witch casts a spell at you.
Your warg convulses!
You feel a strong urge to attack something.
You feel sick.
Your warg closely misses the fenstrider witch.
You closely miss the fenstrider witch. Your claw misses the fenstrider witch.
You bite the fenstrider witch, but do no damage.
The fenstrider witch is moderately wounded.
You feel sick.
The fenstrider witch points at you and mumbles some strange words.
The toxic sludge hits you.
You are more poisoned.
You partially resist.
* * * LOW HITPOINT WARNING * * *
You scratch the fenstrider witch but do no damage.
The fenstrider witch is moderately wounded.
You feel sick.
Your warg bites the fenstrider witch.
The fenstrider witch closely misses you.
The fenstrider witch completely misses you.
You miss the fenstrider witch. You claw the fenstrider witch.
The fenstrider witch is heavily wounded.
You feel very sick.
Your warg closely misses the fenstrider witch.
The fenstrider witch hits you.
* * * LOW HITPOINT WARNING * * *
The fenstrider witch kicks you!!
* * * LOW HITPOINT WARNING * * *
You are too berserk!
You barely miss the fenstrider witch.
The fenstrider witch is heavily wounded.
* * * LOW HITPOINT WARNING * * *
You feel sick.
Your warg bites the fenstrider witch!
The fenstrider witch casts a spell at you.
The toxic sludge misses you.
You claw the fenstrider witch!
The fenstrider witch is severely wounded.
You die...

#≈..≈#≈≈≈#≈≈.#....#
#≈≈..≈.≈§..≈≈.....#
##≈≈#.#≈≈.≈≈.§≈...#
#≈#.≈≈≈.≈.≈.≈≈§≈.≈
##≈≈#.≈##≈#.≈w.##
#≈≈≈.####≈.≈..≈##
###≈≈## ##≈.≈≈≈≈≈#
##≈#######≈≈..≈≈.##
#≈@≈##.##...#≈...#
#≈hH..#§#≈.≈≈H≈≈≈≈#
#..§#####≈.#.#≈#####
##≈≈# ######## ####


You could see a fenstrider witch (ally target) and a friendly warg (summoned).

Vanquished Creatures
  Kirke (D:14)
  An emperor scorpion (Spider:4)
  A ghost moth (Spider:2)
  The ghost of Lobster4 the Nimble, a journeyman GnAM of Okawaru (Lair:4)
  2 bunyips
  A spark wasp (Spider:2)
  An eleionoma (Swamp:3)
  5 hydras
  2 boulder beetles (Spider:2)
  2 alligators (Swamp:3)
  2 two-headed ogres
  2 death yaks (Lair:6)
  3 tengu warriors
  4 swamp dragons (Swamp:4)
  2 spriggan druids (Swamp:3)
  2 bog bodies
  2 deep trolls (D:15)
  2 spectral wolf spiders (Spider:1)
  6 orb spiders
  2 manticores (D:14)
  3 ugly things (D:14)
  9 wolf spiders
  3 will-o-the-wisps (Swamp:2)
  An orc sorcerer (Orc:2)
  4 cyclopes
  Maurice (D:10)
  3 elephants
  3 black mambas
  3 torpor snails
  5 cane toads
  An unseen horror (D:10)
  A gargoyle (D:13)
  2 rime drakes
  2 efreet
  A komodo dragon (Lair:5)
  3 demonic crawlers (Spider:1)
  5 trolls
  2 tyrant leeches (Swamp:4)
  20 jumping spiders
  3 wolf spider simulacra (Spider:1)
  2 hornets
  7 slime creatures
  3 blink frogs
  44 redbacks
  2 shadows
  A vampire (D:11)
  3 spriggans (Swamp:4)
  12 tarantellas
  A wraith (D:13)
  5 wyverns
  2 hogs (D:14)
  A human (D:13)
  18 yaks
  3 basilisks
  2 vampire mosquitoes
  A steam dragon (D:11)
  3 swamp worms
  2 wargs
  5 water moccasins
  A nameless horror (Lair:2)
  2 swamp drakes
  8 orc warriors
  A black bear (Lair:3)
  5 wolves
  A necrophage (D:6)
  An ogre (Orc:2)
  8 centaurs
  A kobold brigand (D:7)
  10 bullfrogs
  A scorpion (D:7)
  An elf skeleton (D:7)
  5 hexers
  5 killer bees
  4 wights
  6 howler monkeys
  4 electric eels
  3 centaur zombies
  A hound (D:5)
  7 orc priests
  2 human zombies (Ossuary)
  5 orc wizards
  2 iguanas (D:6)
  2 hell rats (Lair:5)
  A killer bee zombie (D:8)
  A hound skeleton (D:4)
  A mummy (Ossuary)
  A howler monkey zombie (D:6)
  3 gnolls (Bailey)
  An adder (D:4)
  An ufetubus (D:7)
  2 worms
  A dart slug (D:5)
  34 orcs
  3 bats
  6 endoplasms
  A goblin (D:2)
  7 hobgoblins
  4 quokkas
  2 ball pythons (D:2)
  A frilled lizard (D:2)
  2 goblin zombies (Ossuary)
  6 hobgoblin zombies (Ossuary)
  2 jackal zombies (Ossuary)
  17 kobolds
  7 kobold zombies (Ossuary)
  3 orc skeletons (D:7)
  7 orc zombies (Ossuary)
  A quokka skeleton (D:4)
  3 rats
  A rat zombie (Ossuary)
441 creatures vanquished.

Vanquished Creatures (collateral kills)
  Arachne (Spider:2)
  Gastronok (Lair:2)
  A ghost moth (Spider:3)
  3 emperor scorpions
  4 entropy weavers
  Josephine (D:13)
  Fannar (Lair:3)
  3 vault guards (D:13)
  2 catoblepae
  11 hydras
  A ghost crab (Swamp:3)
  3 alligators
  A death yak (Lair:6)
  A two-headed ogre (D:14)
  Urug (Orc:2)
  Sonja (Lair:2)
  A fire crab (Lair:5)
  A goliath frog (Swamp:2)
  A bog body (Lair:3)
  A spriggan druid (Swamp:2)
  2 orc knights (D:13)
  A spectral wolf spider (Spider:1)
  4 lindwurms
  2 wizards
  11 swamp dragons
  2 orc sorcerers
  13 orb spiders
  An ugly thing (D:14)
  21 wolf spiders
  A cyclops (D:13)
  5 elephants
  3 will-o-the-wisps
  4 black mambas
  2 gargoyles
  2 torpor snails (Spider:1)
  12 cane toads
  3 rime drakes
  Psyche (D:9)
  7 komodo dragons
  7 demonic crawlers
  A guardian mummy (D:10)
  A tengu conjurer (D:15)
  6 trolls
  32 jumping spiders
  A tyrant leech (Swamp:2)
  13 hornets
  6 wolf spider simulacra (Spider:1)
  13 slime creatures
  7 dream sheep (Lair:6)
  4 blink frogs
  A centaur simulacrum (D:15)
  2 wyverns
  67 redbacks
  9 spriggans
  A shadow (D:12)
  A water elemental (D:14)
  27 tarantellas
  A vampire (D:12)
  5 wraiths
  4 basilisks
  4 vampire mosquitoes
  23 yaks
  4 hogs (D:14)
  5 swamp worms
  3 acid dragons
  2 wargs (Orc:1)
  8 water moccasins
  20 orc warriors
  An ice beast (D:6)
  5 swamp drakes (Swamp:4)
  4 black bears
  4 ogres
  7 wolves
  3 centaurs (D:12)
  2 lemures (D:9)
  A kobold brigand (D:10)
  A phantom (D:6)
  4 bullfrogs
  3 scorpions
  A wyvern skeleton (D:6)
  A water moccasin skeleton (D:5)
  2 killer bees (D:9)
  An electric eel (Lair:3)
  3 wights
  A centaur zombie (D:6)
  2 bullfrog zombies
  13 orc priests
  A human zombie (D:7)
  2 hounds (D:5)
  An iguana (D:5)
  8 orc wizards
  A human skeleton (D:7)
  2 hell rats (Lair:5)
  A hound zombie (D:5)
  A mummy (Ossuary)
  10 gnolls
  2 adders
  A white imp (D:5)
  An adder zombie (Ossuary)
  34 orcs
  A bat (D:2)
  5 endoplasms
  5 goblins
  7 hobgoblins
  4 jackals (D:1)
  4 quokkas
  4 ball pythons
  A frilled lizard (D:2)
  2 goblin zombies (Ossuary)
  A hobgoblin zombie (Ossuary)
  17 kobolds
  5 kobold zombies (Ossuary)
  An orc zombie (Ossuary)
  2 butterflies (Lair:2)
598 creatures vanquished.

Vanquished Creatures (others)
  A two-headed ogre (D:14)
  An orb spider (Spider:1)
  A bloated husk (Swamp:4)
  A tarantella (Spider:1)
  A hell rat (Lair:5)
  3 ancestors
  100 hexers
  3 butterflies (Lair:5)
  46 foxfires
  14 fulminant prisms
  45 fungi
  174 plants
390 creatures vanquished.

Grand Total: 1429 creatures vanquished

Notes
Turn   | Place    | Note
-------+----------+-------------------------------------------
     0 | D:1      | Lutefisk the Felid Summoner began the quest for the Orb.
     0 | D:1      | Reached XP level 1. HP: 7/7 MP: 4/4
   176 | D:1      | Reached XP level 2. HP: 4/12 MP: 3/6
   187 | D:1      | Reached skill level 1 in Unarmed Combat
   359 | D:1      | Found Edikire's Distillery.
   508 | D:2      | Reached skill level 1 in Fighting
   572 | D:2      | Reached XP level 3. HP: 15/15 MP: 2/7
  1075 | D:3      | Found a shadowy altar of Dithmenos.
  1229 | D:3      | Found an ancient bone altar of Kikubaaqudgha.
  1291 | D:4      | Learned a level 2 spell: Call Imp
  1343 | D:4      | Reached XP level 4. HP: 11/19 MP: 3/8
  1433 | D:4      | Learned a level 3 spell: Call Canine Familiar
  1545 | D:4      | Found a basalt altar of Yredelemnul.
  1588 | D:4      | Noticed a scorpion
  1636 | D:4      | Killed a scorpion
  1637 | D:4      | Reached XP level 5. HP: 19/23 MP: 0/9
  1725 | D:5      | Entered Level 5 of the Dungeon
  2281 | D:5      | Noticed an ogre
  2289 | D:5      | Killed an ogre
  2290 | D:5      | Gained mutation: You are covered in thick fur. (AC +2)
                  | [Felid growth]
  2290 | D:5      | Reached XP level 6. HP: 28/28 MP: 2/10
  2534 | D:5      | Reached skill level 5 in Fighting
  2619 | D:6      | Found a staircase to the Ecumenical Temple.
  2634 | Temple   | Entered the Ecumenical Temple
  2746 | D:6      | Reached skill level 5 in Summonings
  2746 | D:6      | Reached XP level 7. HP: 26/33 MP: 4/11
  2809 | D:6      | Found a shimmering altar of Xom.
  2966 | D:6      | Found a glowing silver altar of Zin.
  2999 | D:6      | Reached skill level 6 in Summonings
  3048 | D:6      | Noticed a shadow
  3135 | D:7      | Reached skill level 1 in Conjurations
  3135 | D:7      | Reached skill level 1 in Translocations
  3135 | D:7      | Reached skill level 1 in Evocations
  3135 | D:7      | Reached XP level 8. HP: 21/38 MP: 2/13
  3276 | D:5      | Identified a scroll of acquirement
  3581 | D:7      | Reached skill level 5 in Dodging
  3623 | D:7      | Found a sacrificial altar of Ru.
  3659 | D:7      | Found a radiant altar of Vehumet.
  3670 | D:7      | Noticed Maggie
  3702 | D:7      | Found a runed translucent door.
  3702 | D:7      | Noticed a gargoyle
  3738 | D:7      | Killed from afar by an orc priest
  3739 | D:7      | Reached XP level 7. HP: -4/34 MP: 9/12
  3787 | D:7      | Found a sand-covered staircase.
  3801 | Ossuary  | Entered an ossuary
  4218 | D:7      | Noticed Menkaure
  4333 | D:8      | Identified the ring "Symiefax" {rF+ rC+ rN+ Int-2}
  4336 | D:8      | Acquired 722 gold pieces
  4357 | D:8      | Reached XP level 8. HP: 34/40 MP: 5/13
  4527 | D:8      | Found a flagged portal.
  4537 | Bailey   | Entered a bailey
  5035 | Bailey   | Reached XP level 9. HP: 48/48 MP: 2/15
  5040 | Bailey   | Noticed an orc knight
  5279 | D:7      | Noticed ticklebelly's ghost (novice MiBe)
  5500 | D:9      | HP: 1/48 [orc priest (7)]
  6320 | D:9      | Noticed a two-headed ogre
  6357 | D:9      | Killed a two-headed ogre
  6472 | D:9      | Noticed a troll
  6654 | D:9      | Found a stormy altar of Qazlal.
  6746 | D:9      | Noticed Psyche
  6859 | D:10     | Entered Level 10 of the Dungeon
  6873 | D:10     | Noticed a troll
  7001 | D:9      | Killed a troll
  7002 | D:9      | Reached skill level 5 in Stealth
  7110 | D:10     | Noticed an unseen horror
  7213 | D:9      | Killed Psyche
  7708 | D:8      | Noticed Pikel
  7731 | D:8      | Found an opulent altar of Gozag.
  7765 | D:7      | Learned a level 4 spell: Summon Lightning Spire
  8207 | D:10     | Noticed a troll
  8413 | D:10     | Noticed Maurice
  8435 | D:10     | Reached XP level 10. HP: 42/52 MP: 12/18
  8581 | D:10     | Killed Maurice
  8582 | D:10     | Reached skill level 5 in Spellcasting
  8804 | D:10     | Found a portal to a secret trove of treasure.
  8884 | D:10     | Reached skill level 7 in Summonings
  9263 | D:7      | Found a sparkling altar of Nemelex Xobeh.
  9604 | D:8      | Found a glowing golden altar of the Shining One.
 10032 | D:10     | Reached skill level 1 in Air Magic
 10328 | D:11     | Noticed a two-headed ogre
 10350 | D:11     | Killed a two-headed ogre
 10600 | D:11     | Found Godibbix's Antique Armour Emporium.
 11164 | D:11     | Identified the +11 spear of the Screaming Oracle {vorpal,
                  | rCorr Dex+2 SInv}
 11182 | D:11     | Found a staircase to the Lair.
 11187 | Lair:1   | Entered Level 1 of the Lair of Beasts
 11376 | D:11     | Noticed an eight-headed hydra
 11511 | D:11     | Killed an eight-headed hydra
 11512 | D:11     | Reached skill level 8 in Summonings
 11595 | D:10     | Reached XP level 11. HP: 55/55 MP: 11/21
 12372 | D:5      | Identified the +5 trident "Impslayer" {vorpal, rElec rPois
                  | Str+4 Int-3}
 12593 | D:3      | Found a hazy altar of Hepliaklqana.
 12596 | D:3      | Became a worshipper of Hepliaklqana the Forgotten
 13081 | Lair:1   | Reached skill level 9 in Summonings
 13100 | Lair:1   | Learned a level 3 spell: Dazzling Flash
 13317 | Lair:1   | Reached skill level 1 in Hexes
 13708 | Lair:2   | Noticed Sonja
 13763 | Lair:2   | Found a hole to the Spider Nest.
 13827 | Lair:2   | Reached * piety under Hepliaklqana
 13905 | Lair:2   | Noticed Gastronok
 14073 | Lair:3   | Noticed a bog body
 14074 | Lair:3   | Found a staircase to the Swamp.
 14182 | Lair:3   | Noticed an eight-headed hydra
 14292 | Lair:3   | Noticed Fannar
 14578 | Lair:4   | Reached ** piety under Hepliaklqana
 14579 | Lair:4   | Remembered your ancestor Merenptah as a hexer
 14625 | Lair:4   | Learned a level 4 spell: Cause Fear
 14758 | Lair:4   | Found a runed translucent door.
 14758 | Lair:4   | Noticed Lobster4's ghost (journeyman GnAM)
 14814 | Lair:4   | Reached skill level 10 in Summonings
 14853 | Lair:4   | Noticed a boulder beetle
 15131 | Lair:5   | Noticed a lindwurm
 15155 | Lair:5   | Noticed a fire crab
 15157 | Lair:5   | Killed a lindwurm
 15321 | Lair:5   | Noticed a seven-headed hydra
 15349 | Lair:5   | Killed a seven-headed hydra
 15358 | Lair:5   | Reached skill level 1 in Invocations
 15381 | Lair:5   | Reached *** piety under Hepliaklqana
 15775 | Lair:3   | Killed an eight-headed hydra
 15852 | Lair:2   | Reached skill level 11 in Summonings
 15852 | Lair:2   | Gained mutation: Your thick and shaggy fur keeps you warm.
                  | (AC +3, rC+) [Felid growth]
 15852 | Lair:2   | Reached XP level 12. HP: 47/54 MP: 3/22
 16601 | D:12     | Reached skill level 12 in Summonings
 16613 | D:12     | Reached **** piety under Hepliaklqana
 16826 | D:12     | Reached skill level 5 in Hexes
 16904 | D:12     | Found a staircase to the Orcish Mines.
 16932 | Orc:1    | Entered Level 1 of the Orcish Mines
 17027 | Orc:1    | You fall into a shaft and drop 1 floor!
 17027 | Orc:2    | Entered Level 2 of the Orcish Mines
 17730 | Orc:2    | Found Uwnish's Weapon Shop.
 17746 | Orc:2    | Noticed Donald
 17876 | Orc:2    | Found a staircase to the Elven Halls.
 17965 | Orc:2    | Noticed Urug
 18079 | Orc:2    | Noticed Saint Roka
 18517 | D:13     | Noticed a death knight
 18533 | D:13     | Found a hazy altar of Hepliaklqana.
 18589 | D:13     | Noticed a vault guard
 18650 | D:13     | Noticed a seven-headed hydra
 18663 | D:13     | Killed a seven-headed hydra
 18676 | D:13     | Noticed Josephine
 18703 | D:13     | Killed Josephine
 18719 | D:13     | Reached skill level 13 in Summonings
 18922 | D:14     | Noticed Kirke
 19034 | D:14     | Noticed a two-headed ogre
 19058 | D:14     | Killed a two-headed ogre
 19076 | D:14     | Noticed a tengu warrior
 19096 | D:14     | Noticed a tengu warrior
 19179 | D:14     | Reached ***** piety under Hepliaklqana
 19202 | D:14     | Noticed a five-headed hydra
 19369 | Lair:2   | Killed Sonja
 19524 | Lair:2   | Noticed a seven-headed hydra
 19548 | Lair:2   | Reached XP level 13. HP: 33/56 MP: 2/25
 19833 | Swamp:1  | Entered Level 1 of the Swamp
 19833 | Swamp:1  | Noticed Nikola
 19879 | Lair:3   | Killed Fannar
 20313 | Lair:6   | Entered Level 6 of the Lair of Beasts
 20512 | Lair:6   | Learned a level 1 spell: Apportation
 21037 | Lair:6   | Reached skill level 10 in Spellcasting
 21134 | Lair:6   | Reached skill level 5 in Evocations
 21602 | Lair:6   | Identified the +3 hunting sling of the Thing {flame,
                  | Fragile Str+2 Dex+10 SInv}
 21782 | Lair:4   | Killed Lobster4's ghost
 22123 | Lair:2   | Killed Gastronok
 22197 | Spider:1 | Entered Level 1 of the Spider Nest
 22197 | Spider:1 | Noticed an entropy weaver
 22259 | Lair:2   | Killed an entropy weaver
 22395 | Lair:2   | HP: 2/57 [poisoned by a wolf spider]
 22396 | Lair:2   | Succumbed to a wolf spider's poison
 22397 | Lair:2   | Reached XP level 12. HP: -2/54 MP: 9/27
 22439 | Lair:2   | Reached XP level 13. HP: 56/57 MP: 20/28
 22526 | Lair:2   | Learned a level 6 spell: Invisibility
 23289 | Orc:2    | Reached skill level 14 in Summonings
 23290 | Orc:2    | Found Sijot's Antique Weapon Emporium.
 23442 | Orc:2    | Killed Urug
 24148 | Elf:1    | Entered Level 1 of the Elven Halls
 24214 | Elf:1    | Found Qyxe's Distillery.
 24999 | D:13     | Found a gate to the Vaults.
 25329 | D:14     | Learned a level 4 spell: Fulminant Prism
 25383 | D:14     | Acquired the ring "Dyfosch" {Wiz Fly MP-9 Dex+4}
 25392 | D:14     | Reached skill level 10 in Stealth
 25701 | D:14     | Noticed a sphinx
 25876 | D:14     | Killed Kirke
 26026 | D:15     | Entered Level 15 of the Dungeon
 26212 | D:15     | Found a blossoming altar of Fedhas.
 26281 | D:15     | Identified the +5 quarterstaff "Hogyboto" {antimagic,
                  | *Noise Str+5 Int+3 Dex+2}
 26392 | D:15     | Noticed a stone giant
 26636 | D:15     | Found a staircase to the Depths.
 26674 | D:15     | Noticed a fire dragon
 26691 | D:15     | Learned a level 4 spell: Iskenderun's Mystic Blast
 26754 | D:15     | Noticed an iron dragon
 26773 | D:15     | Reached XP level 14. HP: 54/62 MP: 15/29
 27030 | Lair:1   | Reached skill level 15 in Summonings
 27753 | Spider:1 | HP: 1/62 [disintegration (36)]
 28028 | Spider:1 | Identified the +3 ring mail of Liagg {-Cast rElec Slay+6}
 28028 | Spider:1 | Noticed Roxanne
 28594 | Spider:2 | Noticed a ghost moth
 29938 | Spider:2 | Noticed Arachne
 29941 | Spider:2 | Slain by an entropy weaver
 29942 | Spider:2 | Reached XP level 13. HP: -1/57 MP: 0/19
 31004 | Spider:1 | Killed an entropy weaver
 32279 | D:1      | Bought a potion of curing for 30 gold pieces
 32279 | D:1      | Bought a potion of mutation for 80 gold pieces
 32279 | D:1      | Bought a potion of ambrosia for 80 gold pieces
 32279 | D:1      | Bought a potion of brilliance for 40 gold pieces
 32279 | D:1      | Bought a potion of heal wounds for 50 gold pieces
 32279 | D:1      | Bought a potion of curing for 30 gold pieces
 32279 | D:1      | Bought a potion of might for 40 gold pieces
 32279 | D:1      | Bought a potion of magic for 80 gold pieces
 32279 | D:1      | Bought a potion of cancellation for 80 gold pieces
 32279 | D:1      | Bought a potion of might for 40 gold pieces
 32279 | D:1      | Bought a potion of heal wounds for 50 gold pieces
 32279 | D:1      | Bought a potion of lignification for 30 gold pieces
 32279 | D:1      | Bought a potion of haste for 100 gold pieces
 32279 | D:1      | Bought a potion of curing for 30 gold pieces
 33696 | Spider:1 | Reached XP level 14. HP: 46/62 MP: 3/29
 33834 | Spider:2 | Killed a ghost moth
 33835 | Spider:2 | Reached skill level 16 in Summonings
 34315 | Spider:2 | Killed Arachne
 34611 | Spider:2 | Found a runed translucent gate.
 34613 | Spider:2 | Found a runed translucent gate.
 34613 | Spider:2 | Found a runed translucent gate.
 35170 | Spider:2 | Noticed Lutefisk's ghost (journeyman GrEE)
 35668 | Spider:4 | Entered Level 4 of the Spider Nest
 35797 | Spider:3 | Noticed an emperor scorpion
 35817 | Spider:3 | Killed an emperor scorpion
 36117 | Spider:3 | Noticed a ghost moth
 36217 | Spider:3 | Gained mutation: You are dopey. (Int -2) [mutagenic glow]
 36381 | Spider:3 | Killed a ghost moth
 36660 | Spider:4 | Noticed Asterion
 37573 | Spider:4 | Noticed an emperor scorpion
 37866 | Spider:3 | Reached skill level 17 in Summonings
 38353 | Spider:3 | Killed an emperor scorpion
 38511 | Spider:4 | Reached XP level 15. HP: 64/64 MP: 8/31
 39369 | Spider:4 | Got a gossamer rune of Zot
 39381 | Spider:4 | Noticed a ghost moth
 40702 | Swamp:3  | Reached skill level 18 in Summonings
 41419 | Swamp:4  | Entered Level 4 of the Swamp
 41445 | Swamp:4  | Reached skill level 5 in Unarmed Combat
 41463 | Swamp:4  | Learned a level 3 spell: Swiftness
 41486 | Swamp:3  | HP: 3/64 [poisoned by a swamp dragon (blast of poison)]
 44671 | Swamp:4  | Slain by an eight-headed hydra
 44672 | Swamp:4  | Reached XP level 14. HP: 0/62 MP: 0/21
 44862 | Swamp:4  | Noticed the 27-headed Lernaean hydra
 44882 | Swamp:4  | Noticed a fenstrider witch
 44892 | Swamp:4  | Got a decaying rune of Zot
 44907 | Swamp:4  | HP: 1/93 [fenstrider witch (19)]
 44909 | Swamp:4  | Succumbed to a fenstrider witch's toxic sludge

Illustrated notes

Levels and vault maps discovered:
D:1:      nzn_arrival_water_spiral, layout_basic, serial_shops, shop,
          st_stairs_8, lemuel_another_geyser
D:2:      layout_rooms, shapermc_ecumenical_altar_hornbeckon, st_stairs_13,
          minmay_surrounded
D:3:      layout_rooms, lemuel_crystal_altar, mainiacjoe_overflow_alcove_4,
          old_standard_altar, small_statue_intersection
D:4:      minmay_inner_zag, layout_basic, kennysheep_little_box,
          chequers_serial_rivers_small_b, kennysheep_generic_room_13
D:5:      layout_cave_pods
D:6:      layout_loops_ring, nicolae_overflow_crystal_walls,
          general_overflow_altar, minmay_temple_entry_glass
D:7:      layout_gridville, overflow_temple_1_default,
          mainiacjoe_overflow_catwalk_spiral, ebering_ghost_inner_flame,
          nicolae_ossuary_entry_catacombs, grunt_decor_cap, hex_large,
          chequers_garden, uniq_menkaure, uniq_maggie
D:8:      layout_loops_ring, enter_bailey_2, hangedman_feature_mirror,
          minmay_diced_spiral, uniq_pikel
D:9:      minmay_weird_star, layout_irregular_city,
          nicolae_qazlal_scattered_showers, uniq_psyche
D:10:     layout_basic, nicolae_trove_entry_path_of_doom,
          kennysheep_generic_room_4, uniq_maurice
D:11:     layout_cave_pods, erik_lair_dragon, serial_shops, shop
D:12:     layout_roguey, david_orc_5
D:13:     layout_long_grid, grunt_vaults_entry_fortified, dk_noncrumbling_3,
          worldfamousw_hep_ancestral_shrine, uniq_josephine
D:14:     layout_rooms, serial_bayou, serial_bayou_pond_a,
          serial_bayou_lagoon_a, serial_bayou_pond_c, serial_bayou_shore_a,
          serial_bayou_pond_c, palyth_stone_intersect, uniq_kirke
D:15:     hangedman_depths_entry_civil_slaughter, layout_gridville,
          fedhas_altar_fruit_tree, minmay_guarded_unrand_tortoise
Temple:   minmay_temple_bridge_abc
Lair:1:   layout_small_grid, chequers_serial_rivers_large_b
Lair:2:   cheibrodos_lair_overgrown_chateau, layout_regular_city,
          spider_nest_entry_a, lemuel_fruit_fields, lemuel_fruit_fields,
          uniq_sonja, uniq_gastronok
Lair:3:   layout_regular_city, skrybe_swamp_entry_bodies,
          nicolae_quartered_pool_little, st_stairs_12, grunt_megastairs_5,
          uniq_fannar
Lair:4:   layout_regular_city, gammafunk_ghost_grave
Lair:5:   layout_hall_layers, lemuel_fruit_fields, serial_bayou_shore_b
Lair:6:   hangedman_lair_in_review, layout_cave_pods, slime_altar_1,
          minmay_lair_drake_nest
Swamp:1:  layout_falls_marsh, nicolae_swamp_well_well_well, uniq_louise,
          uniq_nikola
Swamp:2:  layout_falls_marsh, serial_swamp_ruin, evilmike_swamp_ruin_house_6,
          evilmike_swamp_ruin_house_5
Swamp:3:  layout_basic_swamp, hangedman_swamp_ruin_wall
Swamp:4:  swamp_old_school, layout_basic_swamp, swamp_pool1
Spider:1: nicolae_spider_jumping_over_cracks [nicolae_spider_jumping_sub_empty,
          nicolae_spider_jumping_sub_lanes, nicolae_spider_jumping_sub_offset,
          nicolae_spider_jumping_sub_grid], nicolae_spider_undead_wolf_pack,
          uniq_roxanne
Spider:2: nicolae_spider_mines_1, gammafunk_ghost_tricky_traps,
          nicolae_spider_shape, uniq_arachne
Spider:3: layout_spider_delve
Spider:4: grunt_spider_rune_circles, uniq_asterion
Orc:1:    nicolae_orc_accident_2, layout_diamond_mine
Orc:2:    grunt_orc_community_town_hall, layout_caves,
          grunt_orc_community_big_house_2, grunt_orc_community_big_house_1,
          grunt_orc_community_house_1, grunt_orc_community_house_1,
          grunt_orc_community_house_1, grunt_orc_community_house_3,
          grunt_orc_community_house_2, uniq_donald, uniq_urug
Elf:1:    layout_gridlike, serial_shops, nicolae_square_shop,
          kennysheep_underground_church, st_stairs_9, minmay_strange_pillars

Skill      XL: |  1  2  3  4  5  6  7  8  9 10 11 12 13 14 15 |
---------------+----------------------------------------------+-----
Stealth        | 3 4 5 6 8 10 | 10.0
Unarmed Combat | 1 2 3 7 |  7.9
Fighting       | 1 2 4 5 7 11 12 | 12.0
Dodging        | 3 11 12 14 13 | 14.0
Summonings     | 5 6 8 11 13 14 17 18 | 18.0
Spellcasting   | 3 4 6 7 10 11 | 11.0
Conjurations   | 1 2 4 3 |  4.0
Translocations | 1 4 |  4.0
Evocations     | 1 2 3 4 6 7 |  7.0
Air Magic      | 2 |  2.0
Hexes          | 4 6 9 |  9.0
Invocations    | 1 3 |  3.0

Action                   |  1- 3 |  4- 6 |  7- 9 | 10-12 | 13-15 || total
-------------------------+-------+-------+-------+-------+-------++-------
Melee: Unarmed           |    64 |    54 |   433 |   646 |   901 ||  2098
       Bite              |     3 |     1 |    47 |    75 |   110 ||   236
       Punch             |       |     1 |     6 |    10 |    22 ||    39
 Cast: Summon Small Mamm |    66 |    43 |    51 |    51 |    23 ||   234
       Call Imp          |       |    17 |    57 |    42 |    89 ||   205
       Call Canine Famil |       |     7 |    68 |    96 |   197 ||   368
       Summon Lightning  |       |       |       |    87 |   254 ||   341
       Cause Fear        |       |       |       |     1 |    18 ||    19
       Invisibility      |       |       |       |       |    70 ||    70
       Fulminant Prism   |       |       |       |       |    14 ||    14
       Apportation       |       |       |       |       |    11 ||    11
       Dazzling Flash    |       |       |       |       |     1 ||     1
       Iskenderun's Myst |       |       |       |       |     5 ||     5
Invok: Recall Ancestor   |       |       |       |     8 |    37 ||    45
       Ancestor Life: He |       |       |       |     1 |       ||     1
       Idealise          |       |       |       |     2 |     8 ||    10
Evoke: Wand              |       |     1 |     5 |    19 |    54 ||    79
       Condenser vane    |       |       |       |       |     5 ||     5
       Phial of floods   |       |       |       |       |     3 ||     3
  Use: Potion            |       |     1 |     3 |     2 |    25 ||    31
       Scroll            |       |       |    17 |     9 |    23 ||    49
 Stab: Sleeping          |     9 |     8 |     9 |    26 |    13 ||    65
       Distracted        |     1 |     1 |     4 |    19 |    40 ||    65
       Paralysed         |       |     1 |     8 |     1 |    15 ||    25
       Confused          |       |       |       |     1 |    16 ||    17
       Invisible         |       |       |       |       |    67 ||    67
Armor: Skin              |       |       |    23 |    22 |    52 ||    97
Dodge: Dodged            |    46 |    35 |   449 |   769 |  1782 ||  3081
